 Dungeon Crawl Stone Soup version 0.14-a0-1378-gf8e6a88 (webtiles) character file.

976 Chiseanne the Charlatan (level 7, -9/59 HPs)
             Began as a Djinni Artificer on Dec 8, 2013.
             Mangled by an ice beast (26 damage)
             ... on Level 5 of the Dungeon.
             The game lasted 00:18:37 (4226 turns).

Chiseanne the Charlatan (Djinni Artificer)          Turns: 4226, Time: 00:18:38

HP  -9/59        AC 17     Str 14      XL: 7   Next: 52%
MP   0/0         EV  6     Int 12      God:
Gold 210         SH  0     Dex 16      Spells:  0 memorised,  6 levels left

rFire  + + +     SeeInvis .     m - +2,+1 great sword
rCold  x . .     Clarity  .     u - +2 chain mail
rNeg   + + +     Conserve .     (no shield)
rPois  .         rCorr    +     C - +1 cap
rElec  .         rRot     .     i - +1 cloak
SustAb . .       Spirit   .     v - +2 pair of elf gloves
rMut   .         Warding  .     (boots unavailable)
Saprov . . .     Stasis   .     e - amulet of resist corrosion {unknown}
                                (no ring)
                                x - +3 ring of dexterity

@: flying, slightly resistant to hostile enchantments, extremely unstealthy
A: fire immunity, cold vulnerability, life protection 3
a: no special abilities


You were on level 5 of the Dungeon.
You were not hungry.

You visited 1 branch of the dungeon, and saw 5 of its levels.
You also visited: Ossuary.

You collected 210 gold pieces.

Inventory:

Hand weapons
 m - a +2,+1 great sword (weapon)
 G - a cursed +1,+2 war axe
Missiles
 k - 2 poisoned darts (quivered)
 o - 15 poisoned needles
 q - 52 darts
 A - 4 curare-tipped needles
Armour
 i - a +1 cloak (worn)
 u - a +2 chain mail (worn)
 v - a +2 pair of elven gloves (worn)
 C - a +1 cap (worn)
Magical devices
 b - a wand of flame (3)
 c - a wand of enslavement (0)
 d - a wand of random effects (0)
 B - a wand of enslavement (0)
Comestibles
 j - an apple
 p - 2 meat rations
 r - 2 bread rations
 z - a snozzcumber
Scrolls
 a - a scroll of fog
 g - a scroll of magic mapping
 s - 2 scrolls of teleportation
 t - a scroll of blinking
 y - a scroll of recharging
 F - 3 scrolls of remove curse
Jewellery
 e - an amulet of resist corrosion (around neck) {unknown}
 x - a +3 ring of dexterity (left hand)
Potions
 f - 3 potions of heal wounds
 h - 3 potions of curing
 l - 2 potions of confusion
 E - 2 potions of magic {unknown}
 I - 2 potions of poison {unknown}
 M - 2 potions of might {unknown}
 N - a potion of restore abilities {unknown}
Magical staves
 D - a cursed staff of poison {unknown}


   Skills:
 * Level 3.0 Fighting
   Level 0.7 Short Blades
 * Level 3.2 Long Blades
 * Level 3.8 Armour
 * Level 4.5 Dodging
 - Level 0.7 Stealth
 * Level 5.2 Evocations


You had 6 spell levels left.
You didn't know any spells.

Dungeon Overview and Level Annotations

Branches:
Dungeon (5/16)
 Temple: D:4-7

Altars:
Kikubaaqudgha
Okawaru


Innate Abilities, Weirdness & Mutations

You are immune to all types of fire, even holy and hellish.
You are vulnerable to cold.
You need no food.
You have no legs.
You are immune to negative energy.


Message History

The gnoll sergeant is severely wounded.
The ice beast hits you but does no damage.
The gnoll sergeant hits you with a spear.
* * * LOW HITPOINT WARNING * * *
The ice beast hits you but does no damage.
The gnoll sergeant barely misses you.
Evoke which item? (* to show all) (? for menu, Esc to quit)
Zapping:
B - a wand of enslavement {zapped: 2}
Press: ? - help, Shift-Dir - straight line, f/p - gnoll sergeant
Aim: a gnoll sergeant, wielding a spear, wearing a runed scale mail and wearing a shield (severely wounded)
The ice beast easily resists.
The gnoll sergeant hits you but does no damage.
Evoke which item? (* to show all) (? for menu, Esc to quit)
Zapping:
B - a wand of enslavement {zapped: 3}
Press: ? - help, Shift-Dir - straight line, f/p - gnoll sergeant
Aim: a gnoll sergeant, wielding a spear, wearing a runed scale mail and wearing a shield (severely wounded) Nothing appears to happen.
The ice beast hits you.
* * * LOW HITPOINT WARNING * * *
The ice beast freezes you!
You feel a terrible chill!
You die...

#................
#.................
#....%...<........
#......)..........
#.............###
#............#######
#..........8.#g.....
#............#≈≈≈≈≈≈
#.........@Ig.((.(...
#.......(((.((.(.....
#...........(#≈≈≈≈≈≈.
#..........8.# .....
#............## ####
#.._..........######
#...........(......#
#...........######..#
#...........#


You could see an ice beast and a gnoll sergeant.

Vanquished Creatures
  Eustachio (D:4)
  Menkaure (Ossuary)
  A phantom (D:4)
  A deep dwarf (D:4)
  Sigmund (D:3)
  A hound (D:4)
  2 orc wizards (D:4)
  A black bear skeleton (D:4)
  An orc priest (D:4)
  3 mummies (Ossuary)
  4 adders
  2 giant mites
  A white imp (D:4)
  A worm (D:1)
  2 oozes (D:4)
  9 orcs
  11 bats
  3 giant cockroaches
  2 gnoll skeletons (Ossuary)
  14 goblins
  11 hobgoblins
  8 jackals
  2 quokkas
  6 giant newts
  4 gnoll zombies (Ossuary)
  2 goblin skeletons (Ossuary)
  A goblin zombie (Ossuary)
  2 hobgoblin skeletons (Ossuary)
  A hobgoblin zombie (Ossuary)
  9 kobolds
  2 kobold skeletons (Ossuary)
  4 kobold zombies (Ossuary)
  An orc skeleton (Ossuary)
  4 orc zombies (Ossuary)
  10 rats
  2 rat skeletons (Ossuary)
  4 rat zombies (Ossuary)
135 creatures vanquished.

Vanquished Creatures (collateral kills)
  An orc priest (D:3)
  2 gnolls (D:5)
  An orc (D:3)
  A bat (D:2)
  2 jackals (D:5)
  A quokka (D:2)
  A giant newt (D:2)
  A goblin (D:2)
  2 rats
12 creatures vanquished.

Vanquished Creatures (others)
  A human (D:3)
  A gnoll zombie (Ossuary)
  A gnoll skeleton (Ossuary)
  A goblin skeleton (Ossuary)
  3 goblin zombies (Ossuary)
  4 hobgoblin skeletons (Ossuary)
  4 kobold skeletons (Ossuary)
  2 kobold zombies (Ossuary)
  An orc skeleton (Ossuary)
  3 rat skeletons (Ossuary)
  A rat zombie (Ossuary)
22 creatures vanquished.

Grand Total: 169 creatures vanquished

Notes
Turn   | Place    | Note
--------------------------------------------------------------
     0 | D:1      | Chiseanne, the Djinni Artificer, began the quest for the Orb.
     0 | D:1      | Reached XP level 1. HP: 13/13 MP: 0/0
   283 | D:1      | Reached XP level 2. EP: 21/21
   509 | D:1      | Reached skill level 1 in Fighting
   516 | D:1      | Reached skill level 4 in Evocations
   599 | D:1      | Reached XP level 3. EP: 24/28
   945 | D:1      | Reached skill level 1 in Armour
  1339 | D:2      | Reached XP level 4. EP: 34/34
  2058 | D:3      | Found an ancient bone altar of Kikubaaqudgha.
  2058 | D:3      | Noticed a human
  2061 | D:3      | Killed a human
  2250 | D:3      | Noticed Sigmund
  2253 | D:3      | Killed Sigmund
  2253 | D:3      | Reached skill level 1 in Long Blades
  2253 | D:3      | Reached XP level 5. EP: 41/41
  2739 | D:4      | Noticed an ogre
  2742 | D:4      | Noticed a deep dwarf
  2742 | D:4      | an ogre changed into a deep dwarf
  2748 | D:4      | Killed a deep dwarf
  2748 | D:4      | Reached XP level 6. EP: 49/49
  2808 | D:4      | Found a sand-covered staircase.
  2863 | Ossuary  | Entered an ossuary
  3136 | Ossuary  | Noticed Menkaure
  3155 | Ossuary  | Killed Menkaure
  3298 | D:4      | Noticed Eustachio
  3338 | D:4      | Killed Eustachio
  3338 | D:4      | Reached skill level 5 in Evocations
  3338 | D:4      | Reached XP level 7. EP: 32/57
  3791 | D:4      | Noticed a phantom
  3800 | D:4      | Killed a phantom
  4145 | D:5      | Entered Level 5 of the Dungeon
  4158 | D:5      | Found an iron altar of Okawaru.
  4226 | D:5      | Mangled by an ice beast

Action                   |  1- 3 |  4- 6 |  7- 9 || total
-------------------------+-------+-------+-------++-------
Melee: Short sword       |   104 |       |       ||   104
       Mace              |    60 |    61 |       ||   121
       Great sword       |       |   117 |    60 ||   177
Evoke: Wand              |    12 |    22 |    11 ||    45
  Use: Scroll            |     2 |    12 |     2 ||    16
       Potion            |       |     3 |       ||     3
 Stab: Invisible         |       |     4 |       ||     4
